 Dungeon Crawl Stone Soup version 0.31.0-9-g3a7656b989 (webtiles) character file.

Game seed: 9360782536957950686

16 qw the Shooter (level 2, 0/14 HPs)
             Began as a Spriggan Hunter on Feb 2, 2024.
             Succumbed to their own poison gas
             ... on level 1 of the Dungeon.
             The game lasted 00:00:01 (630 turns).

qw the Shooter (Spriggan Hunter)                     Turns: 630, Time: 00:00:01

Health: 0/14       AC:  2    Str:  7    XL:     2   Next: 41%
Magic:  3/3        EV: 19    Int: 10    God:
Gold:   67         SH:  0    Dex: 18    Spells: 1/1 levels left

rFire   . . .        a - +0 shortbow
rCold   . . .        (shield currently unavailable)
rNeg    . . .        c - +0 robe
rPois   .            (helmet restricted)
rElec   .            (no cloak)
rCorr   .            (gloves unavailable)
SInv    +            (boots unavailable)
Will    .....        (no amulet)
Stlth   ++           (no ring)
HPRegen 0.22/turn    (no ring)
MPRegen 0.08/turn

%: no passive effects
@: lethally poisoned (0 -> -14), very quick
A: very small, no large weapons, unfitting armour, see invisible, speed 3
a: no special abilities


You were on level 1 of the Dungeon.
You visited 1 branch of the dungeon, and saw 1 of its levels.

You collected 67 gold pieces.


Innate Abilities, Weirdness & Mutations

You are very small and have problems with some larger weapons.
You are too small for most types of armour.
You have supernaturally acute eyesight. (SInv)
You cover ground extremely quickly. (Speed+++)


   Skills:
 - Level 1.5 Fighting
 + Level 4.1 Ranged Weapons
 - Level 4.0 Dodging
 - Level 1.5 Stealth


You had one spell level left.
You didn't know any spells.
Your spell library was empty.

Inventory:

Hand Weapons
 a - a +0 shortbow (weapon)
Armour
 c - a +0 robe (worn)
Potions
 f - a potion of mutation {unknown}
 j - a potion of magic {unknown}

Dungeon Overview and Level Annotations

Branches:
Dungeon (1/15)

Altars:


Message History

621 ||| READING scroll labelled AKYNICRYKAYNKI.
As you read the scroll labelled AKYNICRYKAYNKI, it crumbles to dust.
It is a scroll of enchant armour.
621 ||| ENCHANTING +0 shortbow.
Done exploring.
622 ||| DRINKING 2 fuming emerald potions.
It was a potion of curing.
You feel better.
Done exploring.
623 ||| DROPPING scroll of butterflies.
You drop a scroll of butterflies.
Done exploring.
What level of the Dungeon? (default 1, ? - help) Sorry, I don't know how to get there.
Enter note:
Enter note:
Enter note:
Enter note:
Enter note:
Enter note:
Enter note:
Enter note:
Enter note: You are engulfed in poison gas.
You are lethally poisoned!
You feel very sick.
625 ||| Stepping ~*~*~tactically~*~*~ (cloud).
You feel sick.
Things that are here:
a scroll of butterflies; an amulet of magic regeneration
626 ||| DRINKING potion of curing.
You feel better.
626 ||| (to cure poison)
You are engulfed in poison gas.
You are lethally poisoned!
You feel very sick.
628 ||| Stepping ~*~*~tactically~*~*~ (cloud).
You feel very sick.
Things that are here:
a scroll of butterflies; an amulet of magic regeneration
There is a lethal amount of poison in your body!
You feel very sick.
There is a lethal amount of poison in your body!
You die...

###.##.#####.....###...........#
.......#.#.###.......#########.#
.......#.........##### #.#
...#####.#.###.### #.#
.........###...# #.#
...#####.#####.# #.# ...#
#.#.......# #.# ...#
#.#.############## #.## .###
#.###¤0¤0¤0@¤¤0¤0# #.#.
.#####..#############¤# #.#.
........# #.# ##.#. .#####.##
#.# #.... ## #.# #.# #..##
######.# #.#######..## .......#
#............ ########
#..######.#.# #..# #.#.#


There were no monsters in sight!

Vanquished Creatures
  A dart slug (D:1)
  A ball python (D:1)
  An endoplasm (D:1)
  2 giant cockroaches (D:1)
  A goblin (D:1)
  A hobgoblin (D:1)
  A quokka (D:1)
  A frilled lizard (D:1)
  2 kobolds (D:1)
  3 rats (D:1)
14 creatures vanquished.

Notes
Turn   | Place    | Note
-------+----------+-------------------------------------------
     0 | D:1      | qw the Spriggan Hunter began the quest for the Orb.
     0 | D:1      | Reached XP level 1. HP: 10/10 MP: 2/2
     0 | D:1      | 0 ||| qw: Version: 0.3-a-155-g5e7d8dd
     0 | D:1      | 0 ||| qw: Game counter: 924
     0 | D:1      | 0 ||| qw: Melee chars always use a shield: true
     0 | D:1      | 0 ||| qw: God list: Okawaru
     0 | D:1      | 0 ||| qw: Allow faded altars: false
     0 | D:1      | 0 ||| qw: Do Orc after clearing Dungeon:15 true
     0 | D:1      | 0 ||| qw: Do second Lair branch before Depths: true
     0 | D:1      | 0 ||| qw: Lair rune preference: random
     0 | D:1      | 0 ||| qw: Goals: Normal
     0 | D:1      | 0 ||| PLANNING D:1-11
    97 | D:1      | Reached skill level 3 in Dodging
   309 | D:1      | Reached XP level 2. HP: 14/14 MP: 3/3
   618 | D:1      | 618 ||| DROPPING amulet of magic regeneration.
   619 | D:1      | 619 ||| READING scroll labelled RUSHOM TAIMN.
   620 | D:1      | 620 ||| READING scroll labelled JUJOMA TIGYC.
   621 | D:1      | 621 ||| READING scroll labelled AKYNICRYKAYNKI.
   621 | D:1      | 621 ||| ENCHANTING +0 shortbow.
   622 | D:1      | 622 ||| DRINKING 2 fuming emerald potions.
   623 | D:1      | 623 ||| DROPPING scroll of butterflies.
   625 | D:1      | 625 ||| Stepping ~*~*~tactically~*~*~ (cloud).
   626 | D:1      | 626 ||| DRINKING potion of curing.
   626 | D:1      | 626 ||| (to cure poison)
   628 | D:1      | 628 ||| Stepping ~*~*~tactically~*~*~ (cloud).
   629 | D:1      | HP: 3/14 [poisoned by you (poison gas)]
   630 | D:1      | Succumbed to their own poison gas

Levels and vault maps discovered:
D:1:      minmay_arrival_cross, layout_loops_ring, grunt_decor_fettered,
          minmay_tetromino_s2

Skill      XL: |  1  2 |
---------------+-------+-----
Dodging        | 3 4 |  4.0
Fighting       | |  1.5
Ranged Weapons | |  4.1
Stealth        | |  1.5

Action                     || total
---------------------------++-------
   Fire: Shortbow          ||    30
    Use: Scroll            ||     3
         Potion            ||     2
  Dodge: Dodged            ||     1

Table legend:
 A = Non-vault XP
 B = Vault XP
 C = Vault XP percentage of total XP
 D = Non-vault monster count
 E = Vault monster count
 F = Vault count percentage of total count
                 A         B        C        D         E       F
            +---------+---------+-------+---------+---------+-------
      Total |      21 |       3 |  12.5 |      12 |       2 |  14.3
            +---------+---------+-------+---------+---------+-------
        D:1 |      21 |       3 |  12.5 |      12 |       2 |  14.3
            +---------+---------+-------+---------+---------+-------
